 Dungeon Crawl Stone Soup version 0.21-a0-531-gacddea6 (webtiles) character file.

175 sugabear the Cudgeler (level 5, -8/41 HPs)
             Began as a Gnoll Wanderer on Dec 13, 2017.
             Mangled by an ogre
             ... wielding a +0 giant club
              (31 damage)
             ... on level 4 of the Dungeon.
             The game lasted 00:05:35 (3830 turns).

sugabear the Cudgeler (Gnoll Wanderer)              Turns: 3830, Time: 00:05:36

Health: -8/41      AC:  4    Str: 16    XL:     5   Next: 55%
Magic:  4/12       EV: 12    Int: 14    God:
Gold:   49         SH:  0    Dex: 14    Spells: 12/14 levels left

rFire    . . .     SeeInvis .   a - +2 mace
rCold    . . .     Gourm    .   (no shield)
rNeg     . . .     Faith    .   d - +0 robe
rPois    .         Spirit   .   (no helmet)
rElec    .         Reflect  .   (no cloak)
rCorr    .         Harm     .   r - +0 pair of gloves
MR       .....                  l - +0 pair of boots
Stlth    ++........             (no amulet)
HPRegen  0.13/turn              (no ring)
MPRegen  0.13/turn              (no ring)

@: no status effects
A: distributed training, fangs 1, strong nose
a: no special abilities


You were on level 4 of the Dungeon.
You were hungry.

You visited 1 branch of the dungeon, and saw 4 of its levels.

You collected 49 gold pieces.

Inventory:

Hand Weapons
 a - a +2 mace (weapon)
Armour
 d - a +0 robe (worn)
 l - a +0 pair of boots (worn)
 r - a +0 pair of gloves (worn)
Jewellery
 q - a cursed ring of ice {unknown}
 v - a cursed ring of loudness {unknown}
Wands
 x - a wand of random effects (15)
Scrolls
 c - a scroll of teleportation {unknown}
 g - a scroll of blinking {unknown}
 h - 4 scrolls of immolation {unknown}
 j - a scroll of enchant armour {unknown}
 m - a scroll of amnesia {unknown}
 n - 2 scrolls of noise {unknown}
 o - 3 scrolls of remove curse {unknown}
 p - a scroll of magic mapping {unknown}
 t - a scroll of identify {unknown}
 u - a scroll of fear {unknown}
Potions
 e - 2 potions of lignification {unknown}
 i - 2 potions of haste {unknown}
 k - a potion of heal wounds {unknown}
 z - a potion of flight {unknown}
Books
 b - the Grimoire of Confrontation

   Spells                             Type                      Level
   a - Searing Ray                    Conjuration                  2
   b - Throw Flame                    Conjuration/Fire             2
Comestibles
 f - 3 bread rations
 s - a royal jelly


   Skills:
 + Level 3.0 Fighting
 + Level 1.5 Short Blades
 + Level 1.5 Long Blades
 + Level 1.5 Axes
 + Level 6.7 Maces & Flails
 + Level 1.5 Polearms
 + Level 1.5 Staves
 + Level 1.5 Slings
 + Level 1.5 Bows
 + Level 1.5 Crossbows
 + Level 3.0 Throwing
 + Level 3.0 Armour
 + Level 1.5 Dodging
 + Level 1.5 Stealth
 + Level 1.5 Shields
 + Level 1.5 Unarmed Combat
 + Level 5.2 Spellcasting
 + Level 1.2 Conjurations
 + Level 1.2 Hexes
 + Level 1.2 Charms
 + Level 2.4 Summonings
 + Level 1.2 Necromancy
 + Level 1.2 Translocations
 + Level 1.2 Transmutations
 + Level 1.2 Fire Magic
 + Level 1.2 Ice Magic
 + Level 1.2 Air Magic
 + Level 1.2 Earth Magic
 + Level 1.2 Poison Magic
 + Level 1.7 Invocations
 + Level 3.0 Evocations


You had 12 spell levels left.
You knew the following spells:

 Your Spells              Type           Power        Failure   Level  Hunger
a - Searing Ray           Conj           #.....       16%         2    ##.....


Dungeon Overview and Level Annotations

Branches:
Dungeon (4/15)
 Temple: D:4-7

Altars:
Fedhas
Makhleb
Zin

Shops:
D:4 (


Innate Abilities, Weirdness & Mutations

Your experience applies equally to all skills.
You have very sharp teeth.
Your uncanny sense of smell can sniff out nearby items.


Message History

The searing ray hits the jackal.
You kill the jackal!
The searing ray hits the ogre.
The ogre is moderately wounded.
You finish channeling your searing ray.
The ogre hits you with a giant club!
Unknown command.
Casting: Searing Ray
Confirm with . or Enter, or press ? or * to list all spells.
Aiming: Searing Ray
Press: ? - help, Shift-Dir - straight line, f/p - ogre
Aim: an ogre, wielding a giant club (moderately wounded)
The searing ray hits the ogre.
The ogre is moderately wounded. (Press . to maintain the ray.)
The ogre closely misses you.
The searing ray hits the ogre.
The ogre is heavily wounded.
The ogre hits you with a giant club!!
Ouch! That really hurt!
You die...

∆ #.. # #8#.# ####.#..#
#@8.∩.8.# ###.. ##O##.##.##
....# ########..##8# .# ###
....# ##........##..###.#.....
....# #................†......
....# #.........O.............
....# #.......................
...####.......##..............
..............##.............(


You could see an ogre.

Vanquished Creatures
  Ijyb (D:3)
  2 worker ants
  An adder (D:2)
  An adder skeleton (D:4)
  A dart slug (D:2)
  3 leopard geckos
  9 bats
  5 giant cockroaches
  9 goblins
  11 hobgoblins
  11 jackals
  2 quokkas (D:2)
  3 frilled lizards
  9 kobolds
  10 rats
78 creatures vanquished.

Notes
Turn   | Place    | Note
-------+----------+-------------------------------------------
     0 | D:1      | sugabear the Gnoll Wanderer began the quest for the Orb.
     0 | D:1      | sugabear set off with: a +2 mace, the Grimoire of Confrontation, a potion of curing, a +0 robe, a bread ration
     0 | D:1      | Reached XP level 1. HP: 17/17 MP: 6/6
    46 | D:1      | Identified the Grimoire of Confrontation
   324 | D:1      | Reached XP level 2. HP: 23/23 MP: 7/7
   743 | D:1      | Learned a level 2 spell: Searing Ray
   767 | D:1      | You fall through a shaft!
   783 | D:2      | Reached XP level 3. HP: 21/28 MP: 5/9
   784 | D:2      | Reached skill level 5 in Spellcasting
  1221 | D:2      | Reached skill level 1 in Invocations
  1291 | D:2      | Found a burning altar of Makhleb.
  1312 | D:2      | HP: 1/28 [adder (2)]
  1317 | D:2      | Reached skill level 1 in Short Blades
  1317 | D:2      | Reached skill level 1 in Long Blades
  1317 | D:2      | Reached skill level 1 in Axes
  1317 | D:2      | Reached skill level 1 in Polearms
  1317 | D:2      | Reached skill level 1 in Staves
  1317 | D:2      | Reached skill level 1 in Slings
  1317 | D:2      | Reached skill level 1 in Bows
  1317 | D:2      | Reached skill level 1 in Crossbows
  1317 | D:2      | Reached skill level 1 in Dodging
  1317 | D:2      | Reached skill level 1 in Stealth
  1317 | D:2      | Reached skill level 1 in Shields
  1317 | D:2      | Reached skill level 1 in Unarmed Combat
  1413 | D:2      | Reached XP level 4. HP: 13/34 MP: 1/11
  2230 | D:2      | Reached skill level 1 in Conjurations
  2230 | D:2      | Reached skill level 1 in Hexes
  2230 | D:2      | Reached skill level 1 in Charms
  2230 | D:2      | Reached skill level 1 in Necromancy
  2230 | D:2      | Reached skill level 1 in Translocations
  2230 | D:2      | Reached skill level 1 in Transmutations
  2230 | D:2      | Reached skill level 1 in Fire Magic
  2230 | D:2      | Reached skill level 1 in Ice Magic
  2230 | D:2      | Reached skill level 1 in Air Magic
  2230 | D:2      | Reached skill level 1 in Earth Magic
  2230 | D:2      | Reached skill level 1 in Poison Magic
  3029 | D:3      | Reached XP level 5. HP: 23/40 MP: 2/12
  3319 | D:3      | Found a glowing silver altar of Zin.
  3321 | D:3      | Found a blossoming altar of Fedhas.
  3364 | D:3      | Noticed Ijyb
  3381 | D:3      | Killed Ijyb
  3792 | D:4      | Found Zoutit's Weapon Boutique.
  3807 | D:4      | Noticed an ogre
  3830 | D:4      | Mangled by an ogre

Vault maps used:
D:1:      evilmike_arrival_rings
D:2:      bloody_makhleb, first_bread
D:3:      grunt_temple_overflow_open, uniq_ijyb
D:4:      kennysheep_mini_moat, serial_shops, nicolae_shop_statue_plus

Skill      XL: |  1  2  3  4  5 |
---------------+----------------+-----
Summonings     | 2 |  2.4
Spellcasting   | 5 |  5.2
Invocations    | 1 |  1.7
Short Blades   | 1 |  1.5
Long Blades    | 1 |  1.5
Axes           | 1 |  1.5
Polearms       | 1 |  1.5
Staves         | 1 |  1.5
Slings         | 1 |  1.5
Bows           | 1 |  1.5
Crossbows      | 1 |  1.5
Dodging        | 1 |  1.5
Stealth        | 1 |  1.5
Shields        | 1 |  1.5
Unarmed Combat | 1 |  1.5
Conjurations   | 1 |  1.2
Hexes          | 1 |  1.2
Charms         | 1 |  1.2
Necromancy     | 1 |  1.2
Translocations | 1 |  1.2
Transmutations | 1 |  1.2
Fire Magic     | 1 |  1.2
Ice Magic      | 1 |  1.2
Air Magic      | 1 |  1.2
Earth Magic    | 1 |  1.2
Poison Magic   | 1 |  1.2
Fighting       | 3 |  3.0
Throwing       | 3 |  3.0
Armour         | 3 |  3.0
Evocations     | 3 |  3.0
Maces & Flails | |  6.7

Action                   |  1- 3 |  4- 6 || total
-------------------------+-------+-------++-------
Melee: Mace              |    87 |    96 ||   183
       Bite              |     7 |    10 ||    17
       Punch             |     1 |       ||     1
 Cast: Searing Ray       |     6 |     9 ||    15
  Use: Potion            |     1 |     2 ||     3
 Stab: Sleeping          |     1 |     5 ||     6
       Distracted        |       |     1 ||     1
  Eat: Chunk             |     2 |     7 ||     9
Armor: Robe              |    20 |    23 ||    43
Dodge: Dodged            |    92 |    84 ||   176

Table legend:
 A = Spawn XP
 B = Non-spawn XP
 C = Spawn XP percentage of total XP
 D = Spawn monster count
 E = Non-spawn monster count
 F = Spawn count percentage of total count
 G = Total turns spent on level
                    A         B        C        D         E        F      G
               +---------+---------+-------+---------+---------+-------+---------
         Total |       0 |     250 |   0.0 |       0 |      78 |   0.0 |  3830
               +---------+---------+-------+---------+---------+-------+---------
           D:1 |       0 |      41 |   0.0 |       0 |      24 |   0.0 |  1048
           D:2 |       0 |     106 |   0.0 |       0 |      33 |   0.0 |  1919
           D:3 |       0 |      92 |   0.0 |       0 |      17 |   0.0 |   767
           D:4 |       0 |      11 |   0.0 |       0 |       4 |   0.0 |    96
               +---------+---------+-------+---------+---------+-------+---------
